Map: Fields of Shazir

Players

Loken - Winner!

  • Race: Protoss Protoss
  • League: Platinum
  • Spawn Location: 7:00

dallaskuken - Winner!

  • Race: Protoss Protoss
  • League: Platinum
  • Spawn Location: 9:00

TimeTwist - Winner!

  • Race: Protoss Protoss
  • Spawn Location: 9:00

Romashka

  • Race: Protoss Protoss
  • Spawn Location: 3:00

Igor

  • Race: Protoss Protoss
  • League: Gold
  • Spawn Location: 5:00

MrFun

  • Race: Zerg Zerg
  • League: Gold
  • Spawn Location: 3:00

VOD

Have the link to the VOD?

Description

Time

  • Played on: March 22, 2017, 3:06 a.m.
  • Length: 15:50
Show
View Real Time Build Order
Export as new Build Order

Loken Protoss - Winner!

Build Orders:  

Get SALT Encoding   

  12  0:01  Probe (Chrono Boost)  
  13  0:11  Probe (Chrono Boost)  
  14  0:22  Pylon  
  14  0:25  Probe (Chrono Boost)  
  15  0:40  Probe (Chrono Boost)  
  16  0:44  Gateway  
  16  0:56  Probe (Chrono Boost)  
  17  1:05  Gateway  
  17  1:09  Probe (Chrono Boost)  
  18  1:11  Assimilator  
  18  1:19  Probe (Chrono Boost)  
  19  1:28  Pylon  
  19  1:30  Probe (Chrono Boost)  
  20  1:36  Zealot  
  22  1:49  Cybernetics Core  
  22  1:52  Probe (Chrono Boost)  
  22  1:53  Zealot  
  24  2:11  Zealot  
  24  2:14  Probe (Chrono Boost)  
  27  2:16  Assimilator  
  27  2:20  Zealot  
  29  2:24  Probe (Chrono Boost)  
  30  3:07  Warp Gate  
  30  3:21  Probe (Chrono Boost)  
  31  3:29  Gateway  
  31  3:38  Nexus  
  31  3:39  Pylon  
  31  3:41  Pylon  
  31  3:57  Stalker x2  
  31  3:58  Stargate  
  31  3:59  Probe (Chrono Boost)  
  36  4:04  Stargate  
  36  4:12  Probe (Chrono Boost)  
  36  4:16  Assimilator  
  37  4:21  Assimilator  
  38  4:24  Probe (Chrono Boost)  
  38  4:29  Zealot x2  
  38  4:30  Zealot  
  44  4:36  Probe (Chrono Boost)  
  45  4:52  Probe (Chrono Boost)  
  46  4:57  Probe (Chrono Boost)  
  47  5:02  Probe (Chrono Boost)  
  48  5:09  Probe (Chrono Boost)  
  48  5:13  Probe (Chrono Boost)  
  50  5:21  Probe (Chrono Boost)  
  51  5:23  Probe (Chrono Boost)  
  52  5:33  Probe (Chrono Boost)  
  52  5:34  Probe (Chrono Boost)  
  54  5:37  Pylon  
  54  5:45  Probe x2 (Chrono Boost)  
  54  5:46  Void Ray  
  60  5:53  Protoss Air Weapons Level 1  
  60  5:54  Pylon  
  60  5:55  Probe (Chrono Boost), Void Ray  
  66  5:57  Probe (Chrono Boost)  
  66  6:04  Pylon  
  66  6:06  Probe (Chrono Boost)  
  66  6:09  Probe (Chrono Boost)  
  54  6:28  Void Ray  
  54  6:32  Void Ray  
  62  6:42  Probe (Chrono Boost)  
  62  6:44  Probe (Chrono Boost)  
  64  6:48  Forge  
  65  6:54  Probe (Chrono Boost)  
  65  6:56  Probe (Chrono Boost)  
  66  7:05  Void Ray  
  66  7:06  Probe (Chrono Boost)  
  68  7:08  Probe (Chrono Boost)  
  68  7:09  Void Ray  
  76  7:15  Pylon  
  76  7:17  Pylon  
  76  7:18  Probe (Chrono Boost)  
  76  7:30  Probe (Chrono Boost)  
  76  7:34  Probe (Chrono Boost)  
  77  7:42  Void Ray  
  77  7:43  Probe (Chrono Boost)  
  78  7:46  Void Ray, Probe (Chrono Boost)  
  78  7:50  Protoss Air Armor Level 1  
  83  7:55  Probe (Chrono Boost)  
  83  7:58  Probe (Chrono Boost)  
  89  8:03  Nexus  
  89  8:18  Photon Cannon  
  89  8:19  Void Ray  
  89  8:21  Photon Cannon  
  89  8:23  Void Ray  
  89  8:26  Photon Cannon  
  93  8:31  Photon Cannon  
  97  8:35  Photon Cannon  
  97  8:45  Assimilator, Probe (Chrono Boost)  
  97  8:47  Probe (Chrono Boost)  
  99  8:49  Assimilator  
  100  8:57  Probe (Chrono Boost)  
  100  8:58  Pylon x2  
  100  8:59  Probe (Chrono Boost)  
  100  9:00  Pylon  
  101  9:09  Void Ray x2  
  109  9:35  Stargate  
  109  9:36  Stargate x2  
  107  9:44  Fleet Beacon  
  107  10:01  Photon Cannon x2  
  107  10:04  Photon Cannon  
  107  10:08  Photon Cannon  
  107  10:26  Protoss Air Weapons Level 2  
  107  10:32  Void Ray  
  107  10:33  Void Ray  
  107  10:35  Void Ray x3  
  127  10:46  Graviton Catapult  
  127  11:02  Pylon  
  127  11:03  Pylon  
  127  11:05  Pylon  
  127  11:07  Pylon  
  127  11:09  Pylon  
  127  11:15  Void Ray  
  127  11:16  Void Ray  
  127  11:18  Void Ray  
  139  11:23  Void Ray  
  143  11:25  Protoss Shields Level 1  
  143  11:30  Void Ray  
  147  12:11  Void Ray x3  
  147  12:12  Void Ray x2  
  79  13:06  Void Ray x4  
  79  13:07  Void Ray  
  99  13:31  Pylon  
  99  13:32  Pylon  
  99  13:33  Pylon x2  
  99  14:13  Nexus  
  99  14:19  Nexus  
  99  14:25  Void Ray x4  
  99  14:26  Assimilator, Void Ray  
  99  14:30  Assimilator  
  119  14:33  Assimilator  
  119  14:38  Assimilator  
Show
View Real Time Build Order
Export as new Build Order

dallaskuken Protoss - Winner!

Build Orders:  

Get SALT Encoding   

  12  0:01  Probe (Chrono Boost)  
  13  0:11  Probe (Chrono Boost)  
  14  0:20  Pylon  
  14  0:40  Forge  
  14  0:51  Probe (Chrono Boost)  
  15  1:02  Probe (Chrono Boost)  
  16  1:12  Probe (Chrono Boost)  
  16  1:17  Pylon x2  
  17  1:39  Pylon  
  17  1:47  Photon Cannon  
  17  1:52  Probe (Chrono Boost)  
  17  2:02  Probe (Chrono Boost), Nexus  
  18  2:16  Gateway  
  18  2:20  Photon Cannon  
  18  2:29  Probe (Chrono Boost)  
  19  2:34  Gateway  
  19  2:40  Probe (Chrono Boost)  
  20  2:50  Probe (Chrono Boost)  
  21  2:55  Pylon  
  21  3:01  Probe (Chrono Boost)  
  21  3:03  Photon Cannon  
  22  3:11  Probe (Chrono Boost)  
  23  3:22  Probe (Chrono Boost)  
  24  3:27  Cybernetics Core  
  24  3:30  Assimilator  
  24  3:32  Probe x2 (Chrono Boost)  
  26  3:34  Assimilator  
  26  3:43  Probe (Chrono Boost)  
  27  3:53  Probe (Chrono Boost)  
  27  3:54  Probe (Chrono Boost)  
  29  4:04  Probe (Chrono Boost)  
  29  4:07  Pylon, Probe (Chrono Boost)  
  29  4:09  Pylon  
  31  4:15  Probe (Chrono Boost)  
  32  4:18  Probe (Chrono Boost)  
  33  4:25  Probe (Chrono Boost)  
  33  4:28  Probe (Chrono Boost)  
  35  4:33  Stargate  
  35  4:36  Probe (Chrono Boost)  
  36  4:39  Probe (Chrono Boost)  
  37  4:46  Probe (Chrono Boost)  
  38  4:57  Probe (Chrono Boost)  
  39  5:00  Assimilator  
  39  5:04  Assimilator, Probe (Chrono Boost)  
  40  5:08  Probe (Chrono Boost)  
  40  5:10  Pylon  
  40  5:12  Pylon  
  42  5:14  Probe (Chrono Boost)  
  42  5:18  Probe (Chrono Boost)  
  42  5:19  Void Ray  
  47  5:25  Probe (Chrono Boost)  
  48  5:29  Probe (Chrono Boost)  
  48  5:35  Probe (Chrono Boost)  
  50  5:39  Probe (Chrono Boost)  
  51  5:47  Stargate  
  52  5:50  Probe (Chrono Boost)  
  52  5:58  Protoss Air Weapons Level 1  
  52  6:00  Probe (Chrono Boost)  
  52  6:02  Void Ray  
  57  6:06  Cybernetics Core  
  57  6:11  Probe (Chrono Boost)  
  58  6:22  Pylon  
  58  6:23  Pylon  
  58  6:26  Pylon x2  
  58  6:27  Pylon  
  58  6:34  Void Ray  
  58  6:36  Fleet Beacon  
  62  6:42  Void Ray  
  66  7:11  Void Ray  
  66  7:19  Void Ray  
  70  7:24  Protoss Air Armor Level 1  
  74  7:43  Carrier  
  74  7:52  Carrier  
  86  8:57  Carrier  
  86  9:06  Carrier  
  74  9:52  Robotics Facility  
  74  10:08  Protoss Air Weapons Level 2  
  74  10:12  Carrier  
  74  10:21  Carrier  
  74  10:24  Protoss Air Armor Level 2  
  86  10:40  Warp Prism  
  64  12:15  Carrier  
  64  12:16  Carrier  
  64  12:17  Nexus  
  64  12:23  Pylon  
  64  12:24  Pylon  
  64  12:26  Pylon  
  76  12:47  Observer  
  77  13:22  Photon Cannon  
  77  13:23  Photon Cannon  
  77  13:26  Photon Cannon  
  77  13:29  Photon Cannon  
  77  13:30  Photon Cannon  
  77  13:32  Assimilator  
  77  13:38  Carrier x2, Assimilator  
  89  14:31  Stargate  
  89  14:33  Stargate  
  89  14:36  Stargate  
Show
View Real Time Build Order
Export as new Build Order

TimeTwist Protoss - Winner!

Build Orders:  

Get SALT Encoding   

  12  0:01  Probe (Chrono Boost)  
  13  0:11  Probe (Chrono Boost)  
  14  0:23  Pylon  
  14  0:25  Probe (Chrono Boost)  
  15  0:42  Probe (Chrono Boost)  
  16  0:43  Gateway  
  16  0:52  Probe (Chrono Boost)  
  16  0:54  Assimilator  
  17  1:03  Probe (Chrono Boost)  
  18  1:13  Probe (Chrono Boost)  
  19  1:23  Pylon  
  19  1:24  Probe (Chrono Boost)  
  20  1:30  Cybernetics Core  
  20  1:34  Probe (Chrono Boost)  
  20  1:36  Assimilator  
  21  1:45  Probe (Chrono Boost)  
  22  1:55  Probe (Chrono Boost)  
  22  1:59  Warp Gate  
  23  2:06  Probe (Chrono Boost)  
  24  2:09  Gateway x2  
  24  2:18  Probe (Chrono Boost)  
  27  2:31  Stalker  
  27  2:34  Probe (Chrono Boost)  
  28  2:46  Probe (Chrono Boost)  
  28  2:50  Nexus  
  29  2:54  Pylon  
  29  2:59  Stalker  
  31  3:12  Stalker  
  34  3:14  Probe (Chrono Boost)  
  34  3:15  Pylon  
  34  3:26  Probe (Chrono Boost)  
  35  3:29  Stalker  
  35  3:31  Stalker  
  39  3:38  Probe (Chrono Boost)  
  40  3:43  Pylon  
  40  3:52  Probe (Chrono Boost)  
  41  3:57  Twilight Council  
  41  4:07  Probe (Chrono Boost)  
  42  4:14  Stalker  
  42  4:15  Stalker x2  
  48  4:18  Blink, Probe (Chrono Boost)  
  50  4:24  Probe (Chrono Boost)  
  50  4:28  Probe (Chrono Boost)  
  51  4:42  Probe (Chrono Boost)  
  51  4:43  Probe (Chrono Boost)  
  53  4:55  Probe (Chrono Boost)  
  53  4:56  Stalker  
  53  4:57  Stalker x2  
  61  5:07  Probe (Chrono Boost)  
  61  5:08  Probe (Chrono Boost)  
  62  5:14  Pylon  
  62  5:19  Probe x2 (Chrono Boost)  
  64  5:23  Stalker x2  
  64  5:27  Zealot  
  70  5:32  Pylon  
  70  5:44  Pylon, Probe (Chrono Boost)  
  70  5:46  Assimilator  
  71  5:50  Assimilator  
  71  5:53  Forge x2, Pylon  
  71  5:55  Probe (Chrono Boost)  
  72  6:00  Gateway  
  72  6:02  Gateway  
  72  6:05  Gateway  
  72  6:16  Zealot x3  
  74  6:33  Protoss Ground Weapons Level 1, Protoss Ground Armor Level 1  
  74  6:40  Stalker x3  
  80  7:07  Probe x2 (Chrono Boost)  
  82  7:10  Zealot x2  
  82  7:11  Zealot  
  88  7:15  Sentry  
  88  7:16  Sentry x2  
  88  7:19  Probe (Chrono Boost)  
  88  7:20  Probe (Chrono Boost)  
  96  7:31  Probe (Chrono Boost)  
  96  7:32  Probe (Chrono Boost)  
  98  7:41  Stargate  
  98  7:43  Stargate  
  98  7:44  Pylon, Probe (Chrono Boost)  
  99  7:46  Pylon  
  99  7:50  Nexus  
  99  7:51  Pylon  
  99  8:05  Probe x2 (Chrono Boost)  
  101  8:17  Photon Cannon, Probe x2 (Chrono Boost)  
  101  8:19  Assimilator  
  103  8:23  Assimilator  
  103  8:26  Charge  
  103  8:29  Pylon, Probe x2 (Chrono Boost)  
  105  8:40  Photon Cannon  
  105  8:47  Stalker  
  105  8:48  Stalker x4, Protoss Ground Weapons Level 2  
  113  8:50  Zealot  
  113  8:52  Pylon  
  119  9:03  Probe x2 (Chrono Boost)  
  119  9:08  Probe (Chrono Boost)  
  120  9:15  Probe (Chrono Boost)  
  121  9:19  Probe (Chrono Boost)  
  121  9:20  Stalker x2  
  121  9:21  Stalker x3  
  121  9:22  Zealot  
  134  9:37  Void Ray  
  122  9:52  Stalker x4  
  124  9:53  Stalker  
  124  9:54  Stalker  
  78  10:20  Gateway x2  
  78  10:21  Oracle x2  
  78  10:26  Stalker x5  
  78  10:27  Stalker  
  96  10:32  Probe (Chrono Boost)  
  96  10:33  Probe (Chrono Boost)  
  96  10:34  Probe (Chrono Boost)  
  99  10:46  Probe x2 (Chrono Boost)  
  102  10:50  Probe (Chrono Boost)  
  102  10:51  Void Ray x2  
  102  10:53  Stalker  
  102  10:54  Stalker x2  
  109  10:58  Zealot x3, Probe (Chrono Boost)  
  123  11:16  Stalker x2  
  127  11:33  Void Ray x2  
  127  11:34  Stalker  
  127  11:35  Stalker x3  
  127  11:36  Stalker x2  
  147  11:44  Probe (Chrono Boost)  
  149  11:54  Probe (Chrono Boost)  
  149  12:06  Nexus  
  149  12:09  Pylon  
  149  12:21  Pylon, Void Ray x2  
  149  12:23  Pylon  
  149  12:26  Pylon  
  149  12:28  Assimilator  
  157  12:32  Assimilator  
  143  12:58  Void Ray x2  
  151  13:08  Protoss Ground Armor Level 2  
  151  13:12  Stalker x2  
  155  13:13  Stalker x2  
  155  13:14  Stalker  
  155  13:15  Stalker x2  
  155  13:16  Stalker  
  119  14:05  Stalker x4  
  119  14:06  Stalker x4  
  109  14:12  Void Ray x2  
  117  14:20  Photon Cannon  
  117  14:32  Nexus  
  117  14:33  Pylon  
  117  14:44  Stalker x2  
  117  14:45  Stalker x4  
  130  15:29  Stalker  
  130  15:30  Stalker x4  
  130  15:31  Stalker x3  
Show
View Real Time Build Order
Export as new Build Order

Romashka Protoss 

Build Orders:  

Get SALT Encoding   

  12  0:01  Probe (Chrono Boost)  
  13  0:12  Probe (Chrono Boost)  
  14  0:24  Pylon  
  14  0:26  Probe (Chrono Boost)  
  15  0:42  Probe (Chrono Boost)  
  16  0:43  Forge  
  16  1:11  Gateway  
  16  1:15  Assimilator  
  16  1:56  Probe (Chrono Boost)  
  17  2:03  Cybernetics Core  
  17  2:06  Probe (Chrono Boost)  
  18  2:11  Pylon  
  18  2:29  Pylon  
  18  2:34  Photon Cannon  
  18  2:35  Photon Cannon  
  18  2:36  Photon Cannon  
  18  2:37  Pylon  
  18  2:53  Pylon  
  17  3:15  Probe (Chrono Boost)  
  18  3:20  Assimilator  
  18  3:26  Probe (Chrono Boost)  
  19  3:35  Stalker  
  21  3:44  Pylon  
  21  3:45  Pylon  
  21  3:50  Stargate  
  21  4:05  Mothership Core (Chrono Boost)  
  23  4:23  Probe (Chrono Boost)  
  24  4:30  Pylon  
  24  4:34  Probe (Chrono Boost)  
  25  4:44  Probe (Chrono Boost)  
  26  4:55  Probe (Chrono Boost)  
  27  5:05  Probe (Chrono Boost)  
  27  5:06  Fleet Beacon  
  28  5:27  Void Ray  
  32  6:00  Carrier  
  32  6:07  Assimilator  
  32  6:09  Pylon  
  32  6:11  Pylon  
  32  6:13  Assimilator  
  38  6:34  Graviton Catapult  
  38  6:41  Nexus  
  38  7:12  Stargate  
  38  7:38  Carrier  
  44  8:00  Pylon  
  44  8:02  Pylon  
  44  8:03  Pylon  
  44  8:09  Probe (Chrono Boost)  
  45  8:19  Probe (Chrono Boost)  
  46  8:23  Carrier  
  52  8:30  Probe (Chrono Boost)  
  53  8:37  Stargate  
  53  8:40  Probe (Chrono Boost)  
  54  8:53  Carrier  
  54  9:02  Probe (Chrono Boost)  
  67  9:13  Probe (Chrono Boost)  
  64  9:23  Probe (Chrono Boost)  
  49  9:34  Probe (Chrono Boost)  
  49  9:37  Carrier  
  56  9:44  Mothership Core (Chrono Boost), Probe (Chrono Boost)  
  59  9:49  Carrier  
  71  10:23  Carrier  
  77  10:45  Probe (Chrono Boost)  
  78  10:55  Probe (Chrono Boost)  
  79  11:06  Probe (Chrono Boost)  
  80  11:16  Probe (Chrono Boost)  
  81  11:28  Nexus  
  81  11:30  Assimilator  
  81  11:35  Assimilator  
  69  11:49  Carrier  
  63  12:00  Carrier  
  75  12:02  Carrier  
  61  13:04  Carrier  
  61  13:14  Probe (Chrono Boost)  
  68  13:25  Probe (Chrono Boost)  
  68  13:26  Carrier  
  75  13:28  Carrier  
  83  13:35  Probe (Chrono Boost)  
  83  13:36  Mothership Core (Chrono Boost)  
  90  14:18  Carrier  
  97  14:31  Probe (Chrono Boost)  
  97  14:42  Probe (Chrono Boost)  
  98  14:52  Probe (Chrono Boost)  
  111  15:03  Probe (Chrono Boost)  
Show
View Real Time Build Order
Export as new Build Order

Igor Protoss 

Build Orders:  

Get SALT Encoding   

  12  0:02  Probe (Chrono Boost)  
  13  0:13  Probe (Chrono Boost)  
  14  0:25  Probe (Chrono Boost)  
  14  0:26  Pylon  
  15  0:44  Probe (Chrono Boost)  
  15  0:48  Forge  
  16  0:55  Probe (Chrono Boost)  
  17  0:59  Gateway  
  17  1:05  Probe (Chrono Boost)  
  17  1:09  Pylon  
  18  1:16  Probe (Chrono Boost)  
  19  1:30  Photon Cannon  
  19  1:51  Pylon  
  19  1:58  Photon Cannon  
  19  2:04  Photon Cannon  
  19  2:05  Cybernetics Core  
  19  2:17  Probe (Chrono Boost)  
  19  2:24  Photon Cannon  
  19  2:27  Probe (Chrono Boost)  
  20  2:35  Photon Cannon  
  20  2:38  Probe (Chrono Boost)  
  21  2:55  Nexus  
  21  2:59  Probe (Chrono Boost)  
  22  3:10  Probe (Chrono Boost)  
  23  3:15  Assimilator  
  23  3:20  Assimilator, Probe (Chrono Boost)  
  24  3:31  Probe (Chrono Boost)  
  25  3:41  Probe (Chrono Boost)  
  26  3:52  Stalker, Probe (Chrono Boost)  
  30  4:02  Probe (Chrono Boost)  
  30  4:04  Warp Gate  
  30  4:13  Probe (Chrono Boost)  
  31  4:19  Gateway x2, Probe (Chrono Boost)  
  31  4:24  Probe (Chrono Boost)  
  33  4:29  Probe (Chrono Boost)  
  34  4:34  Probe (Chrono Boost)  
  34  4:37  Assimilator  
  35  4:40  Probe (Chrono Boost)  
  35  4:41  Assimilator  
  35  4:45  Probe (Chrono Boost)  
  37  4:46  Pylon  
  37  4:51  Probe (Chrono Boost)  
  38  4:55  Probe (Chrono Boost)  
  39  5:02  Protoss Ground Weapons Level 1  
  39  5:03  Probe (Chrono Boost)  
  39  5:06  Probe (Chrono Boost)  
  41  5:08  Stargate  
  41  5:15  Stargate  
  41  5:30  Probe (Chrono Boost)  
  41  5:32  Probe (Chrono Boost)  
  43  5:39  Gateway  
  43  5:41  Probe (Chrono Boost)  
  44  5:44  Probe (Chrono Boost)  
  44  5:46  Stargate  
  44  5:47  Pylon  
  45  5:50  Pylon  
  45  5:51  Probe (Chrono Boost)  
  45  5:53  Pylon  
  45  5:56  Probe (Chrono Boost)  
  47  6:27  Void Ray x2  
  47  6:30  Void Ray  
  59  6:43  Zealot x2  
  59  6:44  Zealot x2  
  67  6:56  Pylon  
  67  6:58  Pylon  
  67  7:01  Pylon  
  67  7:15  Pylon  
  67  7:20  Pylon  
  67  7:24  Nexus  
  67  7:25  Void Ray  
  67  7:28  Zealot x3  
  67  7:29  Zealot, Void Ray  
  75  7:31  Void Ray  
  87  7:50  Fleet Beacon  
  87  8:03  Void Ray  
  87  8:11  Probe x2 (Chrono Boost)  
  93  8:16  Protoss Air Weapons Level 1  
  93  8:19  Void Ray  
  93  8:20  Void Ray  
  93  8:23  Probe (Chrono Boost)  
  102  8:32  Probe (Chrono Boost)  
  104  8:36  Probe (Chrono Boost)  
  104  8:37  Carrier  
  104  8:44  Probe (Chrono Boost)  
  111  9:00  Graviton Catapult  
  107  9:36  Void Ray  
  91  9:42  Void Ray  
  91  9:45  Zealot x4  
  101  10:03  Carrier  
  93  10:08  Carrier  
  91  10:18  Probe (Chrono Boost)  
  91  10:19  Probe (Chrono Boost)  
  91  10:20  Probe (Chrono Boost)  
  91  10:21  Assimilator  
  106  10:25  Assimilator  
  106  10:28  Probe (Chrono Boost)  
  106  10:29  Pylon  
  106  10:30  Pylon  
  106  10:31  Probe (Chrono Boost)  
  106  10:33  Probe (Chrono Boost)  
  106  10:34  Pylon  
  109  10:35  Pylon  
  109  10:37  Pylon  
  109  10:39  Probe (Chrono Boost)  
  111  10:43  Carrier, Probe (Chrono Boost)  
  117  11:18  Carrier  
  117  11:22  Carrier  
  117  11:28  Nexus  
  117  11:29  Stalker x4  
  137  11:57  Probe (Chrono Boost)  
  137  11:58  Probe x2 (Chrono Boost)  
  137  12:00  Assimilator  
  140  12:05  Assimilator  
  134  12:08  Carrier  
  134  12:10  Pylon  
  134  12:12  Pylon  
  138  12:32  Carrier  
  138  12:37  Carrier  
  116  12:47  Stalker  
  116  12:48  Stalker x3  
  104  13:26  Zealot x4  
  112  13:34  Twilight Council  
  112  13:36  Carrier  
  118  13:49  Zealot x2  
  118  13:50  Zealot  
  118  13:55  Carrier  
  104  14:33  Nexus  
  104  14:42  Probe (Chrono Boost)  
  104  14:43  Probe x2 (Chrono Boost)  
  107  14:52  Probe (Chrono Boost)  
  96  14:55  Probe (Chrono Boost)  
  71  15:13  Zealot  
  71  15:14  Zealot x2  
Show
View Real Time Build Order
Export as new Build Order

MrFun Zerg 

Build Orders: Pool First 

Get SALT Encoding   

  12  0:01  Drone  
  13  0:14  Overlord  
  13  0:18  Drone  
  14  0:39  Spawning Pool  
  14  0:40  Drone  
  14  0:55  Drone  
  15  1:01  Extractor  
  15  1:02  Drone  
  15  1:19  Drone  
  15  1:21  Drone x2  
  18  1:31  Zergling x2  
  19  1:32  Queen  
  21  1:50  Roach Warren  
  21  1:52  Spine Crawler  
  19  2:04  Zergling x6  
  22  2:33  Overlord x2  
  21  2:46  Overlord  
  21  2:56  Roach  
  23  3:08  Roach  
  23  3:09  Hatchery  
  24  3:17  Spore Crawler  
  23  3:20  Drone x2  
  25  3:32  Roach  
  27  3:37  Extractor  
  26  3:44  Evolution Chamber  
  25  3:54  Roach  
  25  3:55  Roach  
  29  4:03  Roach  
  29  4:07  Zergling x2  
  32  4:15  Zerg Missile Weapons Level 1  
  32  4:25  Roach  
  34  4:33  Drone  
  34  4:34  Drone  
  36  4:39  Drone  
  37  4:58  Drone x3  
  39  5:22  Roach x2  
  39  5:23  Roach x3  
  49  5:37  Spine Crawler  
  49  5:38  Roach  
  50  5:50  Overlord  
  50  5:51  Zergling x2  
  51  5:59  Overlord  
  44  6:22  Zergling x8  
  44  6:23  Zergling x6  
  25  6:42  Roach x2  
  5  7:36  Drone  
  1  8:01  Drone x2  
  3  10:49  Hatchery  
Tags
 
Add a new tag
Caveats
  • Supply blocks, unpowered buildings, or Contaminate may cause inaccurate times.
  • Supply counts are checked every 10 seconds.